 Dungeon Crawl Stone Soup version 0.28.0-53-g5a82cb258f (webtiles) character file.

Game seed: 10306089366841551352

45 Descartes the Chucker (level 3, -12/35 HPs)
             Began as a Troll Hunter on May 23, 2022.
             Killed by nerve-wracking pain
             ... invoked by Jessica
              (14 damage)
             ... on level 2 of the Dungeon.
             The game lasted 00:01:40 (845 turns).

Descartes the Chucker (Troll Hunter)                 Turns: 845, Time: 00:01:41

Health: -12/35     AC:  4    Str: 22    XL:     3   Next: 42%
Magic:  2/2        EV: 10    Int:  7    God:
Gold:   52         SH:  0    Dex: 10    Spells: 2/2 levels left

rFire   . . .      SeeInvis .   a - +0 club
rCold   . . .      Faith    .   (no shield)
rNeg    . . .      Spirit   .   b - +0 robe
rPois   .          Reflect  .   (helmet restricted)
rElec   .          Harm     .   (no cloak)
rCorr   .          Rampage  .   (gloves unavailable)
Will    .....                   (boots unavailable)
Stlth   +.........              (no amulet)
HPRegen 0.91/turn               (no ring)
MPRegen 0.08/turn               (no ring)

@: lethally poisoned (-12 -> -13)
A: large, unfitting armour, claws 3, regeneration 1, shaggy fur 1, tough skin 1
a: no special abilities


You were on level 2 of the Dungeon.
You visited 1 branch of the dungeon, and saw 2 of its levels.

You collected 52 gold pieces.

Inventory:

Hand Weapons
 a - a +0 club (weapon)
Missiles
 c - 5 large rocks (quivered)
 d - 2 throwing nets
Armour
 b - a +0 robe (worn)
Scrolls
 e - 3 scrolls of identify {unknown}
 g - a scroll of enchant armour {unknown}
 i - a scroll of blinking {unknown}
 j - a scroll of holy word {unknown}
 l - a scroll of enchant weapon {unknown}
Potions
 f - a potion of ambrosia {unknown}
 h - a potion of curing {unknown}
 k - a potion of lignification {unknown}


   Skills:
 + Level 2.0 Fighting
 + Level 1.0 Maces & Flails
 + Level 3.9 Throwing
 + Level 2.0 Dodging
 + Level 0.8 Stealth


You had 2 spell levels left.
You didn't know any spells.
Your spell library was empty.

Dungeon Overview and Level Annotations

Branches:
Dungeon (2/15)

Altars:

Annotations:
D:2 Jessica


Innate Abilities, Weirdness & Mutations

You are too large for most types of armour.
You have claws for hands.
Your natural rate of healing is unusually fast.
You are covered in fur. (AC +1)
You have tough skin. (AC +1)


Message History

You feel sick. The bat hits you but does no damage. x2
Jessica mumbles some strange words.
Jessica blinks!
You miss the bat.
The bat is moderately wounded.
You feel sick.
You are no longer poisoned.
The bat barely misses you. The bat hits you but does no damage.
The bat barely misses you.
You hit the bat.
You kill the bat!
You hit Jessica.
Jessica is heavily wounded.
Jessica shouts, "You are a ghastly nuisance!"
Jessica points at you and mumbles some strange words.
Pain shoots through your body!
* * * LOW HITPOINT WARNING * * *
You are too injured to fight recklessly!
You are too injured to fight recklessly!
You are too injured to fight recklessly!
You are too injured to fight recklessly!
Unknown command.
You closely miss Jessica.
Jessica is heavily wounded.
Jessica hits you with a +2 dagger of venom.
* * * LOW HITPOINT WARNING * * *
You are poisoned.
You hit Jessica but do no damage.
Jessica is heavily wounded.
* * * LOW HITPOINT WARNING * * *
You feel very sick.
Jessica casts a spell.
Jessica seems to speed up.
Jessica misses you.
You barely miss Jessica.
Jessica is heavily wounded.
* * * LOW HITPOINT WARNING * * *
You feel sick.
Jessica points at you and mumbles some strange words.
Pain shoots through your body!
You die...

#...# #.# #
###.# #.# #
##.## #.#
#...### .#
#.<...##.#
#.....†#.#
##..###..######
#...# #........
#.#.# #@.######
#.##...#@# #.
##.# ... #.
....# # ###.#
.# #


You could see Jessica (fast).

Vanquished Creatures
  A dart slug (D:1)
  A ball python (D:1)
  An endoplasm (D:1)
  A giant cockroach (D:2)
  5 goblins (D:1)
  A hobgoblin (D:2)
  12 jackals (D:1)
  2 kobolds (D:1)
  A quokka (D:1)
  4 bats
  A frilled lizard (D:1)
  7 rats
37 creatures vanquished.

Vanquished Creatures (others)
  3 fungi (D:1)
  4 plants (D:1)
7 creatures vanquished.

Grand Total: 44 creatures vanquished

Notes
Turn   | Place    | Note
-------+----------+-------------------------------------------
     0 | D:1      | Descartes the Troll Hunter began the quest for the Orb.
     0 | D:1      | Reached XP level 1. HP: 19/19 MP: 0/0
    70 | D:1      | Reached XP level 2. HP: 28/28 MP: 1/1
   361 | D:1      | Reached XP level 3. HP: 34/35 MP: 2/2
   508 | D:1      | Reached skill level 1 in Maces & Flails
   530 | D:1      | Found a faded altar of an unknown god.
   830 | D:2      | Noticed Jessica
   845 | D:2      | Killed from afar by Jessica

Illustrated notes

Levels and vault maps discovered:
D:1:      enne_arrival_octagon_isle, layout_basic,
          shapermc_ecumenical_altar_mp_ritualfount
D:2:      layout_loops_ring, uniq_jessica

Skill      XL: |  1  2  3 |
---------------+----------+-----
Maces & Flails | 1 |  1.0
Fighting       | 2 |  2.0
Dodging        | 2 |  2.0
Throwing       | |  3.9
Stealth        | |  0.8

Action                   || total
-------------------------++-------
Melee: Unarmed           ||    16
       Club              ||   173
       Punch             ||     1
 Stab: Sleeping          ||     1
Armor: Robe              ||   131
Dodge: Dodged            ||   147
